 Dungeon Crawl Stone Soup version 0.17-a0-1798-g879a7aa (webtiles) character file.

27 AvaKnavely the Bolt Thrower (level 3, 0/22 HPs)
             Began as a Kobold Hunter on Sept 10, 2015.
             Slain by an adder (1 damage)
             ... on level 2 of the Dungeon.
             The game lasted 00:03:40 (1419 turns).

AvaKnavely the Bolt Thrower (Kobold Hunter)         Turns: 1419, Time: 00:03:40

Health: 0/22       AC:  6    Str: 10      XL:     3   Next: 25%
Magic:  3/3        EV: 15    Int:  8 (9)  God:
Gold:   65         SH:  0    Dex: 17      Spells: 0 memorised, 2 levels left

rFire  . . .     SeeInvis .     b - +0 short sword
rCold  . . .     Clarity  .     d - +0 leather armour
rNeg   . . .     SustAt   .     (shield restricted)
rPois  .         Gourm    .     (no helmet)
rElec  .         Spirit   .     (no cloak)
rCorr  .         Warding  .     l - +2 pair of gloves
rMut   .         Stasis   .     (no boots)
MR     .....                    (no amulet)
Stlth  ++........               (no ring)
                                (no ring)

@: lethally poisoned (0 -> -2), not resistant to hostile enchantments,
unstealthy
A: carnivore 3
a: no special abilities


You were on level 2 of the Dungeon.
You were not hungry.

You visited 1 branch of the dungeon, and saw 2 of its levels.

You collected 65 gold pieces.

Inventory:

Hand weapons
 a - a +1 hand crossbow
 b - a +0 short sword (weapon)
Missiles
 c - 20 bolts
Armour
 d - a +0 leather armour (worn)
 l - a +2 pair of gloves (worn)
Jewellery
 n - an uncursed amulet of regeneration {unknown}
Scrolls
 g - a scroll of blinking {unknown}
 i - 2 scrolls of identify {unknown}
 j - a scroll of teleportation {unknown}
 o - a scroll of fog {unknown}
 p - a scroll of amnesia {unknown}
 q - a scroll of remove curse {unknown}
Potions
 f - 2 potions of invisibility {unknown}
 h - a potion of degeneration
 k - a potion of curing {unknown}
 m - a potion of beneficial mutation {unknown}
Comestibles
 e - a meat ration


   Skills:
 + Level 2.3 Fighting
 + Level 0.3 Short Blades
 + Level 5.3 Crossbows
 + Level 0.7 Armour
 + Level 2.8 Dodging
 + Level 1.3 Stealth


You had 2 spell levels left.
You didn't know any spells.

Dungeon Overview and Level Annotations

Branches:
Dungeon (2/15)

Altars:


Innate Abilities, Weirdness & Mutations

You are small and have problems with some larger weapons.
You are carnivorous and can eat meat at any time.


Message History

You feel dopey.
* * * LOW HITPOINT WARNING * * *
You feel sick. The adder closely misses you.
* * * LOW HITPOINT WARNING * * *
You feel sick. The adder bites you but does no damage.
The adder closely misses you. The adder bites you but does no damage.
* * * LOW HITPOINT WARNING * * *
You feel sick. The adder closely misses you.
You are too injured to fight recklessly!
You are too injured to fight recklessly!
You are too injured to fight recklessly!
You are too injured to fight recklessly!
You are too injured to fight recklessly!
You are too injured to fight recklessly!
You are too injured to fight recklessly!
You are too injured to fight recklessly!
You are too injured to fight recklessly!
The adder barely misses you. The adder bites you.
You die...

######.......#####
.................#
######.....###...#
......###### #...#
##.....##### #...#
#.......... #...#
#.......... #...#
#..........##...#
#..........##..@###
#..............SS.#
#.(...########....#
#......# #....#
#......# #....#
###....# #....# #
######....#.#
#.....>.....#
#........#####


You could see 2 adders.

Vanquished Creatures
  An ooze (D:1)
  A giant cockroach (D:2)
  5 goblins (D:1)
  4 hobgoblins
  5 bats
  2 giant newts (D:1)
  3 kobolds
  A rat (D:1)
22 creatures vanquished.

Notes
Turn   | Place    | Note
--------------------------------------------------------------
     0 | D:1      | AvaKnavely the Kobold Hunter began the quest for the Orb.
     0 | D:1      | Reached XP level 1. HP: 12/12 MP: 1/1
   385 | D:1      | Reached skill level 5 in Crossbows
   629 | D:1      | Reached XP level 2. HP: 17/17 MP: 2/2
  1099 | D:2      | Reached XP level 3. HP: 18/21 MP: 3/3
  1416 | D:2      | HP: 1/22 [poisoned by an adder]
  1419 | D:2      | Slain by an adder

Vault maps used:
D:1:      zelgadis_glass_arrival_large
D:2:      ecumenical_altar_1

Action                   || total
-------------------------++-------
Melee: Hand crossbow     ||    20
       Short sword       ||    93
 Fire: Hand crossbow     ||     7
  Use: Potion            ||     1
 Stab: Sleeping          ||     1
  Eat: Chunk             ||     5
